TOP OF THE 1ST |
Mahoning Valley Scrappers batting - Pitching for Staten Island Yankees : LHP Dustin Shaw
|
Pitching: LHP Dustin Shaw
|
|
Batting: RHB Juan Ordonez
|
0-0: Foul Ball, location: 2F 0-1: Ball 1-1: Swinging Strike 1-2: Strikes out looking
|
Batting: RHB Eric Kuck
|
0-0: Ball 1-0: Called Strike 1-1: Ball 2-1: SINGLE (Groundball, 4MD, EV 106.2 MPH)
|
Batting: RHB John Shaffer
|
0-0: Ball 1-0: Foul Ball, location: 2F 1-1: Swinging Strike 1-2: Strikes out swinging
|
Batting: RHB Ricky Cordova
|
0-0: Called Strike 0-1: Foul Ball, location: 2F 0-2: Ball 1-2: Ball 2-2: Foul Ball, location: 2F 2-2: Foul Ball, location: 2F 2-2: Foul Ball, location: 2F 2-2: SINGLE (Groundball, 6S, EV 100.0 MPH) Eric Kuck to second
|
Batting: RHB Kevin Wiles
|
0-0: Ball 1-0: DOUBLE (Groundball, 5L, EV 106.9 MPH) Eric Kuck scores Ricky Cordova to third Runner from 3rd tries for Home, throw by LF and OUT! 7-6-2
|
Top of the 1st over - 1 run, 3 hits, 0 errors, 1 left on base; Mahoning Valley 1 - Staten Island 0 |
BOTTOM OF THE 1ST |
Staten Island Yankees batting - Pitching for Mahoning Valley Scrappers : RHP Joe Babich
|
Pitching: RHP Joe Babich
|
|
Batting: RHB Norimoto Miyanishi
|
0-0: Ball 1-0: Ball 2-0: Called Strike 2-1: Ball 3-1: Called Strike 3-2: Strikes out swinging
|
Batting: RHB Edite Leoni
|
0-0: Ground out 6-3 (Groundball, 6, EV 103.8 MPH)
|
Batting: RHB Pat Pemberton
|
0-0: Ball 1-0: Foul Ball, location: 2F 1-1: Called Strike 1-2: Foul Ball, location: 2F 1-2: Ball 2-2: Strikes out swinging
|
Bottom of the 1st over - 0 runs, 0 hits, 0 errors, 0 left on base; Mahoning Valley 1 - Staten Island 0 |
TOP OF THE 2ND |
Mahoning Valley Scrappers batting - Pitching for Staten Island Yankees : LHP Dustin Shaw
|
Batting: RHB Jose Argueta
|
0-0: Ground out 5-3 (Groundball, 5, EV 84.4 MPH)
|
Batting: RHB Justin Young
|
0-0: Foul Ball, location: 2F 0-1: Foul Ball, location: 2F 0-2: Ball 1-2: Foul Ball, location: 2F 1-2: Ball 2-2: Foul Ball, location: 2F 2-2: Ball 3-2: Ground out U3 (Groundball, 3, EV 100.0 MPH)
|
Batting: RHB Jason Roberts
|
0-0: Called Strike 0-1: TRIPLE (Line Drive, 89XD, EV 106.9 MPH)
|
Batting: RHB Nick Gossman
|
0-0: Ball 1-0: Called Strike 1-1: Ball 2-1: Swinging Strike 2-2: Ball 3-2: Base on Balls
|
Batting: RHB Juan Ordonez
|
0-0: Ball 1-0: Foul Ball, location: 2F 1-1: Ball 2-1: Swinging Strike 2-2: SINGLE (Line Drive, 34, EV 94.4 MPH) Jason Roberts scores Nick Gossman to second Runner from 2nd tries for 3rd, SAFE, throw by RF made to third
|
Batting: RHB Eric Kuck
|
0-0: Swinging Strike 0-1: Ball 1-1: Called Strike 1-2: Foul Ball, location: 2F 1-2: Ball 2-2: Ground out 5-3 (Groundball, 56, EV 101.9 MPH)
|
Top of the 2nd over - 1 run, 2 hits, 0 errors, 2 left on base; Mahoning Valley 2 - Staten Island 0 |
BOTTOM OF THE 2ND |
Staten Island Yankees batting - Pitching for Mahoning Valley Scrappers : RHP Joe Babich
|
Batting: SHB Tadaaki Kondo
|
0-0: Called Strike 0-1: Swinging Strike 0-2: Ball 1-2: Strikes out looking
|
Batting: LHB Mike Schermerhorn
|
0-0: Swinging Strike 0-1: Ball 1-1: Ball 2-1: Foul Ball, location: 2F 2-2: Foul Ball, location: 2F 2-2: Foul Ball, location: 2F 2-2: Strikes out swinging
|
Batting: SHB Adam Slade
|
0-0: Ball 1-0: Ball 2-0: Called Strike 2-1: Ball 3-1: Called Strike 3-2: Fly out, F4 (Popup, 4D, EV 45.6 MPH)
|
Bottom of the 2nd over - 0 runs, 0 hits, 0 errors, 0 left on base; Mahoning Valley 2 - Staten Island 0 |
TOP OF THE 3RD |
Mahoning Valley Scrappers batting - Pitching for Staten Island Yankees : LHP Dustin Shaw
|
Batting: RHB John Shaffer
|
0-0: Ball 1-0: SOLO HOME RUN (Flyball, 78XD, EV 99.4 MPH), Distance : 417 ft
|
Batting: RHB Ricky Cordova
|
0-0: Called Strike 0-1: Called Strike 0-2: Ball 1-2: Foul Ball, location: 2F 1-2: Ball 2-2: Ball 3-2: TRIPLE (Line Drive, 8RXD, EV 101.2 MPH)
|
Batting: RHB Kevin Wiles
|
0-0: Foul Ball, location: 2F 0-1: SINGLE (Groundball, 6MD, EV 106.9 MPH) Ricky Cordova scores
|
Batting: RHB Jose Argueta
|
0-0: Called Strike 0-1: Foul Ball, location: 2F 0-2: Ball 1-2: Ball 2-2: Ball 3-2: Foul Ball, location: 2F 3-2: Foul Ball, location: 2F 3-2: Fielders Choice at 2nd, 5-4 (Groundball, 56S, EV 80.0 MPH)
|
Batting: RHB Justin Young
|
0-0: Fly out, F3 (Popup, 3SF, EV 67.5 MPH)
|
Batting: RHB Jason Roberts
|
0-0: Called Strike 0-1: Ball 1-1: Called Strike 1-2: Foul Ball, location: 2F 1-2: Fielders Choice at 2nd, 6-4 (Groundball, 6, EV 86.2 MPH)
|
Top of the 3rd over - 2 runs, 3 hits, 0 errors, 1 left on base; Mahoning Valley 4 - Staten Island 0 |
BOTTOM OF THE 3RD |
Staten Island Yankees batting - Pitching for Mahoning Valley Scrappers : RHP Joe Babich
|
Batting: RHB Jesus Ruiz
|
0-0: Called Strike 0-1: Ball 1-1: Fly out, F8 (Flyball, 8LXD, EV 100.0 MPH)
|
Batting: LHB Danny de Leon
|
0-0: Ball 1-0: Called Strike 1-1: Foul Ball, location: 2F 1-2: Strikes out swinging
|
Batting: RHB Danny Ayala
|
0-0: Called Strike 0-1: Called Strike 0-2: SINGLE (Groundball, 6MD, EV 101.2 MPH)
|
Batting: RHB Norimoto Miyanishi
|
0-0: Ball 1-0: Ball 2-0: Ball 3-0: Called Strike 3-1: Fielders Choice at 2nd, 6-4 (Groundball, 6, EV 88.1 MPH)
|
Bottom of the 3rd over - 0 runs, 1 hit, 0 errors, 1 left on base; Mahoning Valley 4 - Staten Island 0 |
TOP OF THE 4TH |
Mahoning Valley Scrappers batting - Pitching for Staten Island Yankees : LHP Dustin Shaw
|
Pitching: RHP Gary Salazar
|
|
Batting: RHB Nick Gossman
|
0-0: Foul Ball, location: 2F 0-1: Ball 1-1: Swinging Strike 1-2: Ball 2-2: Ball 3-2: Foul Ball, location: 2F 3-2: Foul Ball, location: 2F 3-2: Strikes out looking
|
Batting: RHB Juan Ordonez
|
0-0: Ground out 6-3 (Groundball, 6S, EV 83.1 MPH)
|
Batting: RHB Eric Kuck
|
0-0: Ball 1-0: Ball 2-0: Fly out, F7 (Flyball, 78S, EV 89.4 MPH)
|
Top of the 4th over - 0 runs, 0 hits, 0 errors, 0 left on base; Mahoning Valley 4 - Staten Island 0 |
BOTTOM OF THE 4TH |
Staten Island Yankees batting - Pitching for Mahoning Valley Scrappers : RHP Joe Babich
|
Batting: RHB Edite Leoni
|
0-0: Foul Ball, location: 2F 0-1: Swinging Strike 0-2: Foul Ball, location: 2F 0-2: SINGLE (Groundball, 6MD, EV 110.6 MPH)
|
Batting: RHB Pat Pemberton
|
0-0: Called Strike 0-1: Ball 1-1: Swinging Strike 1-2: Strikes out swinging
|
Batting: SHB Tadaaki Kondo
|
0-0: Called Strike 0-1: Ball 1-1: Swinging Strike 1-2: Ball 2-2: Strikes out swinging
|
Batting: LHB Mike Schermerhorn
|
0-0: Ball 1-0: Called Strike 1-1: Ball 2-1: Foul Ball, location: 2F 2-2: Strikes out swinging
|
Bottom of the 4th over - 0 runs, 1 hit, 0 errors, 1 left on base; Mahoning Valley 4 - Staten Island 0 |
TOP OF THE 5TH |
Mahoning Valley Scrappers batting - Pitching for Staten Island Yankees : RHP Gary Salazar
|
Batting: RHB John Shaffer
|
0-0: Called Strike 0-1: Fly out, F7 (Flyball, 7LMF, EV 96.9 MPH)
|
Batting: RHB Ricky Cordova
|
0-0: Ball 1-0: Swinging Strike 1-1: Ground out 5-3 (Groundball, 5, EV 108.1 MPH)
|
Batting: RHB Kevin Wiles
|
0-0: Called Strike 0-1: Ball 1-1: Called Strike 1-2: Ball 2-2: Foul Ball, location: 2F 2-2: Strikes out looking
|
Top of the 5th over - 0 runs, 0 hits, 0 errors, 0 left on base; Mahoning Valley 4 - Staten Island 0 |
BOTTOM OF THE 5TH |
Staten Island Yankees batting - Pitching for Mahoning Valley Scrappers : RHP Joe Babich
|
Batting: SHB Adam Slade
|
0-0: Called Strike 0-1: Foul Ball, location: 2F 0-2: Ball 1-2: Strikes out swinging
|
Batting: RHB Jesus Ruiz
|
0-0: Ball 1-0: Foul Ball, location: 2F 1-1: Ground out 4-3 (Groundball, 34, EV 98.8 MPH)
|
Batting: LHB Danny de Leon
|
0-0: Ball 1-0: Fly out, F8 (Flyball, 8LD, EV 83.8 MPH)
|
Bottom of the 5th over - 0 runs, 0 hits, 0 errors, 0 left on base; Mahoning Valley 4 - Staten Island 0 |
TOP OF THE 6TH |
Mahoning Valley Scrappers batting - Pitching for Staten Island Yankees : RHP Gary Salazar
|
Batting: RHB Jose Argueta
|
0-0: Swinging Strike 0-1: Ball 1-1: DOUBLE (Line Drive, 5D, EV 99.4 MPH)
|
Batting: RHB Justin Young
|
0-0: Ball 1-0: Called Strike 1-1: Foul Ball, location: 2F 1-2: Ball 2-2: Strikes out swinging
|
Batting: RHB Jason Roberts
|
0-0: Ground out 6-3 (Groundball, 6, EV 103.1 MPH)
|
Batting: RHB Nick Gossman
|
0-0: Ball 1-0: Called Strike 1-1: Ball 2-1: Foul Ball, location: 2F 2-2: Fly out, F8 (Line Drive, 89M, EV 95.0 MPH)
|
Top of the 6th over - 0 runs, 1 hit, 0 errors, 1 left on base; Mahoning Valley 4 - Staten Island 0 |
BOTTOM OF THE 6TH |
Staten Island Yankees batting - Pitching for Mahoning Valley Scrappers : RHP Joe Babich
|
Batting: RHB Danny Ayala
|
0-0: Ball 1-0: Ball 2-0: Ball 3-0: Called Strike 3-1: Called Strike 3-2: Base on Balls
|
Batting: RHB Norimoto Miyanishi
|
0-0: Ball Danny Ayala steals 2nd base 1-0: Swinging Strike 1-1: Ball 2-1: Fly out, F5 (Line Drive, 5L, EV 70.0 MPH)
|
Batting: RHB Edite Leoni
|
0-0: Called Strike 0-1: Ball Wild Pitch! Danny Ayala to third 1-1: Ball 2-1: Ball 3-1: Foul Ball, location: 2F 3-2: Reached on error, E6 (Groundball, 6, EV 81.9 MPH) Danny Ayala scores
|
Batting: RHB Pat Pemberton
|
0-0: Ball 1-0: Ball 2-0: Called Strike 2-1: Ball 3-1: Base on Balls Edite Leoni to second
|
Pitching: RHP Jaime Salazar
|
|
Batting: SHB Tadaaki Kondo
|
0-0: Ball 1-0: Swinging Strike 1-1: Called Strike 1-2: Strikes out swinging
|
Batting: LHB Mike Schermerhorn
|
0-0: Swinging Strike 0-1: Ball 1-1: Swinging Strike 1-2: Strikes out swinging
|
Bottom of the 6th over - 1 run, 0 hits, 1 error, 2 left on base; Mahoning Valley 4 - Staten Island 1 |
TOP OF THE 7TH |
Mahoning Valley Scrappers batting - Pitching for Staten Island Yankees : RHP Gary Salazar
|
Batting: RHB Juan Ordonez
|
0-0: Foul Ball, location: 2F 0-1: Ball 1-1: Ball 2-1: Ball 3-1: Foul Ball, location: 2F 3-2: TRIPLE (Flyball, 78XD, EV 95.0 MPH)
|
Pitching: RHP Kenny Samuels
|
|
Batting: RHB Eric Kuck
|
0-0: Called Strike 0-1: Ball 1-1: Called Strike 1-2: Strikes out looking
|
Batting: RHB John Shaffer
|
0-0: Intentional Walk
|
Batting: RHB Ricky Cordova
|
0-0: Called Strike 0-1: Ball 1-1: Ball 2-1: Ball 3-1: Base on Balls John Shaffer to second
|
Batting: RHB Kevin Wiles
|
0-0: Foul Ball, location: 2F 0-1: Swinging Strike 0-2: Ball 1-2: Ball 2-2: Foul Ball, location: 2F 2-2: Foul Ball, location: 2F 2-2: Ball 3-2: Foul Ball, location: 2F 3-2: Fly out, F6 (Popup, P, EV 70.6 MPH)
|
Batting: RHB Jose Argueta
|
0-0: Ball 1-0: Foul Ball, location: 2F 1-1: Ball 2-1: Ball 3-1: Base on Balls Juan Ordonez scores John Shaffer to third Ricky Cordova to second
|
Batting: RHB Justin Young
|
0-0: Called Strike 0-1: Foul Ball, location: 2F 0-2: Foul Ball, location: 2F 0-2: Ball 1-2: Strikes out swinging
|
Top of the 7th over - 1 run, 1 hit, 0 errors, 3 left on base; Mahoning Valley 5 - Staten Island 1 |
BOTTOM OF THE 7TH |
Staten Island Yankees batting - Pitching for Mahoning Valley Scrappers : RHP Jaime Salazar
|
Batting: SHB Adam Slade
|
0-0: Swinging Strike 0-1: Foul Ball, location: 2F 0-2: Strikes out swinging
|
Batting: RHB Jesus Ruiz
|
0-0: Called Strike 0-1: Ball 1-1: Called Strike 1-2: Strikes out swinging
|
Batting: LHB Danny de Leon
|
0-0: Called Strike 0-1: Foul Ball, location: 2F 0-2: Ball 1-2: Ball 2-2: Foul Ball, location: 2F 2-2: Foul Ball, location: 2F 2-2: Foul Ball, location: 2F 2-2: Strikes out swinging
|
Bottom of the 7th over - 0 runs, 0 hits, 0 errors, 0 left on base; Mahoning Valley 5 - Staten Island 1 |
TOP OF THE 8TH |
Mahoning Valley Scrappers batting - Pitching for Staten Island Yankees : RHP Kenny Samuels
|
Pitching: RHP Jake Bryant
|
|
Batting: RHB Jason Roberts
|
0-0: Ball 1-0: Foul Ball, location: 2F 1-1: Ball 2-1: Ball 3-1: Base on Balls
|
Batting: RHB Nick Gossman
|
0-0: Called Strike Jason Roberts steals 2nd base 0-1: Ball 1-1: Swinging Strike 1-2: Strikes out swinging
|
Batting: RHB Juan Ordonez
|
0-0: Ball 1-0: Ball 2-0: Ball 3-0: Called Strike 3-1: Called Strike 3-2: Ground out 4-3 (Groundball, 34, EV 81.9 MPH) Jason Roberts to third
|
Batting: RHB Eric Kuck
|
0-0: Called Strike 0-1: Swinging Strike 0-2: Foul Ball, location: 2F 0-2: Ball 1-2: Strikes out swinging
|
Top of the 8th over - 0 runs, 0 hits, 0 errors, 1 left on base; Mahoning Valley 5 - Staten Island 1 |
BOTTOM OF THE 8TH |
Staten Island Yankees batting - Pitching for Mahoning Valley Scrappers : RHP Jaime Salazar
|
Now in RF: Jaquan Brown
|
|
Batting: RHB Danny Ayala
|
0-0: Foul Ball, location: 2F 0-1: Called Strike 0-2: Strikes out swinging
|
Batting: RHB Norimoto Miyanishi
|
0-0: Foul Ball, location: 2F 0-1: SINGLE (Line Drive, 4D, EV 95.6 MPH)
|
Batting: RHB Edite Leoni
|
0-0: Ball 1-0: Grounds into double play, 6-4-3 (Groundball, 6, EV 98.8 MPH)
|
Bottom of the 8th over - 0 runs, 1 hit, 0 errors, 0 left on base; Mahoning Valley 5 - Staten Island 1 |
TOP OF THE 9TH |
Mahoning Valley Scrappers batting - Pitching for Staten Island Yankees : RHP Jake Bryant
|
Pitching: LHP Loo Lei
|
|
Batting: RHB John Shaffer
|
0-0: Ball 1-0: Foul Ball, location: 2F 1-1: DOUBLE (Line Drive, 7LM, EV 110.6 MPH)
|
Batting: RHB Ricky Cordova
|
0-0: SINGLE (Groundball, 6M, EV 93.8 MPH) (infield hit) John Shaffer to third
|
Batting: RHB Kevin Wiles
|
0-0: Ball 1-0: Ball 2-0: Ball Ricky Cordova is caught stealing 2nd base 2-4 3-0: Called Strike 3-1: Base on Balls
|
Batting: RHB Jose Argueta
|
0-0: Ball 1-0: Called Strike 1-1: SINGLE (Groundball, 4MD, EV 105.6 MPH) John Shaffer scores Kevin Wiles to second
|
Batting: RHB Justin Young
|
0-0: Ball 1-0: SINGLE (Groundball, 34D, EV 102.5 MPH) Kevin Wiles to third Jose Argueta to second Runner from 3rd tries for Home, SAFE, throw by RF to home
|
Batting: RHB Jaquan Brown
|
0-0: Called Strike 0-1: Ball 1-1: SINGLE (Groundball, 34S, EV 68.8 MPH) (infield hit) Jose Argueta to third Justin Young to second
|
Batting: RHB Nick Gossman
|
0-0: Ball 1-0: Foul Ball, location: 2F 1-1: Ball 2-1: Fielders Choice at 2nd, 3-6 (Groundball, 34, EV 82.5 MPH) Jose Argueta scores Justin Young to third
|
Batting: RHB Juan Ordonez
|
0-0: Ball 1-0: Ball 2-0: Ball 3-0: Called Strike 3-1: Foul Ball, location: 2F 3-2: Strikes out looking
|
Top of the 9th over - 3 runs, 5 hits, 0 errors, 2 left on base; Mahoning Valley 8 - Staten Island 1 |
BOTTOM OF THE 9TH |
Staten Island Yankees batting - Pitching for Mahoning Valley Scrappers : RHP Jaime Salazar
|
Now at 3B: Dave Key
|
|
Pinch Hitting: RHB Matt Thompson
|
0-0: Ball 1-0: Called Strike 1-1: Ball 2-1: Ball 3-1: Base on Balls
|
Pitching: RHP Marcus Cox
|
|
Batting: SHB Tadaaki Kondo
|
0-0: Called Strike 0-1: SINGLE (Groundball, 4D, EV 105.6 MPH) Matt Thompson to second
|
Batting: LHB Mike Schermerhorn
|
0-0: Ball 1-0: Called Strike 1-1: Called Strike 1-2: Strikes out swinging
|
Batting: SHB Adam Slade
|
0-0: Ball 1-0: Ball 2-0: Foul Ball, location: 2F 2-1: Called Strike 2-2: Ball 3-2: Foul Ball, location: 2F 3-2: Foul Ball, location: 2F 3-2: Base on Balls Matt Thompson to third Tadaaki Kondo to second
|
Batting: RHB Jesus Ruiz
|
0-0: SINGLE (Groundball, 6MS, EV 91.2 MPH) (infield hit) Matt Thompson scores Tadaaki Kondo to third Adam Slade to second
|
Batting: LHB Danny de Leon
|
0-0: Ball 1-0: Foul Ball, location: 2F 1-1: Called Strike 1-2: Foul Ball, location: 2F 1-2: Strikes out swinging
|
Pinch Hitting: LHB Dario Segura
|
0-0: Ball 1-0: Fielders Choice at 2nd, 6-4 (Groundball, 4M, EV 100.6 MPH)
|
Bottom of the 9th over - 1 run, 2 hits, 0 errors, 3 left on base; Mahoning Valley 8 - Staten Island 2 |
|